 Seeded DCSS version 0.28-a0-1199-gef9e1dbd39 (webtiles) character file.

Game seed: 4018878354053487559 (custom seed)

37 croobank the Skirmisher (level 3, 0/28 (29) HPs)
             Began as a Human Cinder Acolyte on Dec 19, 2021.
             Was a High Priest of Ignis.
             Slain by a goblin (6 damage)
             ... led by Robin
             ... on level 2 of the Dungeon.
             The game lasted 00:06:45 (1342 turns).

croobank the Skirmisher (Human Cinder Acolyte)      Turns: 1342, Time: 00:06:45

HP:   0/28 (29)     AC:  2    Str: 16    XL:     3   Next: 62%
MP:   1/5           EV: 11    Int: 14    God:    Ignis [*****.]
Gold: 60            SH:  0    Dex:  8    Spells: 2/5 levels left

rFire   + . .      SeeInvis .   a - -1 hand axe (flame)
rCold   . . .      Faith    .   (no shield)
rNeg    . . .      Spirit   .   h - +0 leather armour
rPois   .          Reflect  .   (no helmet)
rElec   .          Harm     .   d - +0 cloak
rCorr   .          Rampage  .   (no gloves)
Will    .....                   (no boots)
Stlth   +.........              (no amulet)
HPRegen 0.09/turn               (no ring)
MPRegen 0.09/turn               (no ring)

@: about to teleport, lightly drained
A: deformed body, wild magic 1
a: Renounce Religion, Fiery Armour, Foxfire Swarm, Rising Flame


You were on level 2 of the Dungeon.
You worshipped Ignis.
Ignis was extremely pleased with you.
You visited 1 branch of the dungeon, and saw 2 of its levels.

You collected 60 gold pieces.

Inventory:

Hand Weapons
 a - a -1 hand axe of flaming (weapon)
 i - a +2 whip of freezing
Missiles
 e - 82 stones (quivered)
Armour
 b - a +0 robe
 d - a +0 cloak (worn)
 h - a +0 leather armour (worn)
Magical Staves
 f - a staff of poison
Jewellery
 j - a +4 ring of protection
Scrolls
 c - 2 scrolls of identify {identify, unknown}
 k - a scroll of teleportation {teleport}
Potions
 g - 2 potions of curing {curing}


   Skills:
 + Level 3.4 Fighting
 + Level 3.3 Axes
 + Level 1.6 Spellcasting
 + Level 3.3 Fire Magic


You had 2 spell levels left.
You knew the following spells:

 Your Spells              Type           Power      Damage    Failure   Level
a - Scorch                Fire           26%        2d6       17%         2
b - Slow                  Hex            4%         N/A       38%         1

Your spell library contained the following spells:

 Spells                   Type           Power      Damage    Failure   Level
 Confusing Touch          Hex            1%         N/A       75%         3
 Vampiric Draining        Necr           1%         2d6       75%         3


Dungeon Overview and Level Annotations

Branches:
Dungeon (2/15)

Altars:

Shops:
D:2 (

Annotations:
D:2 Robin


Innate Abilities, Weirdness & Mutations

Armour fits poorly on your strangely shaped body.
Your spells are a little harder to cast, but a little more powerful.


Message History

Casting: Scorch (safe; 17% risk of failure)
Confirm with . or Enter, or press ? or * to list all spells.
You miscast Scorch.
You are very lightly contaminated with residual magic.
Nothing appears to happen.
Robin closely misses you.
You hit Robin. You burn Robin.
Robin is heavily wounded.
Robin roars a battlecry!
You hit Robin. You burn Robin.
Robin is severely wounded.
Robin says, "Kneel, worm!"
Robin closely misses you.
A goblin comes into view. It is wielding a +0 club.
You hit Robin but do no damage.
Robin is severely wounded.
Robin hits you with a +0 whip.
A goblin comes into view. It is wielding a +0 club.
You hit Robin. You burn Robin.
Robin is almost dead.
Robin hits you with a +0 whip. The goblin hits you with a +0 club.
* * * LOW HITPOINT WARNING * * *
Robin roars a battlecry!
You see here a +1 dagger of freezing.
Robin throws the goblin at you!
* * * LOW HITPOINT WARNING * * *
The goblin hits you with a +0 club.
* * * LOW HITPOINT WARNING * * *
Your magical contamination has completely faded away.
Okay, then.
It was a potion of curing {curing}.
You feel better. The goblin barely misses you. Robin throws the goblin at you!
The goblin closely misses you. The goblin hits you but does no damage.
The goblin hits you with a +0 club.
* * * LOW HITPOINT WARNING * * *
As you read the scroll labelled MEBRAH MEDA {teleport}, it crumbles to dust.
You feel strangely unstable.
It was a scroll of teleportation {teleport}.
The goblin hits you with a +0 club.
You die...

#...###
#.#....#
##.##
#≈#....# #.#
#≈#....#
####.####
#≈#....#
#.)).g..#
#.#....#
#.##.#..#
######
#.##.#)##
#.##...#
#@###..###..
#.ggg.......#
#####.##.##.#
#.# ... #.#
##.# #.. #
###


You could see Robin and 2 goblins.

Vanquished Creatures
  4 endoplasms
  2 giant cockroaches
  6 goblins (D:2)
  2 hobgoblins (D:1)
  5 kobolds
  3 quokkas (D:2)
  A ball python (D:1)
  6 bats
  3 rats (D:1)
32 creatures vanquished.

Notes
Turn   | Place    | Note
-------+----------+-------------------------------------------
     0 | D:1      | croobank the Human Cinder Acolyte began the quest for the
                  | Orb.
     0 | D:1      | Reached XP level 1. HP: 18/18 MP: 2/2
   221 | D:1      | Reached XP level 2. HP: 24/24 MP: 3/3
   224 | D:1      | Learned a level 2 spell: Scorch
   885 | D:2      | Reached XP level 3. HP: 29/29 MP: 2/5
   925 | D:2      | Learned a level 1 spell: Slow
   947 | D:2      | Gained mutation: Armour fits poorly on your strangely
                  | shaped body. [potion of mutation]
   947 | D:2      | Gained mutation: Your spells are a little harder to cast,
                  | but a little more powerful. [potion of mutation]
   951 | D:2      | Found a faded altar of an unknown god.
  1018 | D:2      | Found Ungyky's Weapon Shop.
  1322 | D:2      | Noticed Robin
  1342 | D:2      | Slain by a goblin

Illustrated notes

Levels and vault maps discovered:
D:1:      psy_arrival_conway, layout_rooms
D:2:      layout_loops_cross, dreamdust_ecumenical_altar_statues, serial_shops,
          shop, corexii_corridor_pit, uniq_robin, uniq_terence

Action                   || total
-------------------------++-------
Melee: Hand axe          ||    55
 Cast: Scorch            ||    13
  Use: Potion            ||     2
       Scroll            ||     1
Armor: Robe              ||    10
       Leather armour    ||     7
Dodge: Dodged            ||    40

Table legend: (Time is in decaauts)
 A = Elapsed time spent in this place.
 B = Non-inter-level travel time spent in this place.
 C = Inter-level travel time spent in this place.
 D = Time resting spent in this place.
 E = Time spent auto-exploring this place.
 F = Levels seen in this place.
 G = Mean time per level.
                   A        B        C        D        E       F      G
               +--------+--------+--------+--------+--------+-----+--------+
         Total |   1354 |   1301 |     53 |    230 |    770 |   2 |  677.0 |
       Dungeon |   1354 |   1301 |     53 |    230 |    770 |   2 |  677.0 |
               +--------+--------+--------+--------+--------+-----+--------+

Top non-repeatable levels by time:
     D:1: 826 daAuts
     D:2: 527 daAuts
